3L
LAS VEGAS FLAMINGOS @ BUCKHEAD BOWTIES
09/13/2027
 
TOP OF THE 1ST
Las Vegas Flamingos batting - Pitching for Buckhead Bowties : RHP Henry Yates
Pitching: RHP Henry Yates
Batting: RHB Sake van Arem 0-0: Ball
1-0: Called Strike
1-1: Foul Ball, location: 2F
1-2: Ball
2-2: Foul Ball, location: 2F
2-2: Strikes out looking
Batting: SHB Wilbert Carter 0-0: Called Strike
0-1: Ball
1-1: Fly out, F5 (Popup, 56)
Batting: LHB Victor Adams 0-0: Ball
1-0: Foul Ball, location: 2F
1-1: Ball
2-1: Fly out, F7 (Flyball, 7D)
Top of the 1st over - 0 run(s), 0 hit(s), 0 error(s), 0 left on base; Las Vegas 0 - Buckhead 0
BOTTOM OF THE 1ST
Buckhead Bowties batting - Pitching for Las Vegas Flamingos : RHP Melvin Haney
Pitching: RHP Melvin Haney
Batting: RHB Ricardo Cardenas 0-0: Ball
1-0: Ground out 1-3 (Groundball, 13S)
Batting: RHB Won-min Yi 0-0: SINGLE (Groundball, 56S) (infield hit)
Batting: RHB Mike Burns 0-0: Ball
1-0: Ball
2-0: Called Strike
2-1: Ball
Wild Pitch!
Won-min Yi to second
3-1: Base on Balls
Batting: LHB Qi-zhen Loong 0-0: Grounds into double play, 4-6-3 (Groundball, 4)
Bottom of the 1st over - 0 run(s), 1 hit(s), 0 error(s), 1 left on base; Las Vegas 0 - Buckhead 0
TOP OF THE 2ND
Las Vegas Flamingos batting - Pitching for Buckhead Bowties : RHP Henry Yates
Batting: LHB Chris McKinney 0-0: Ball
1-0: Ball
2-0: Swinging Strike
2-1: Foul Ball, location: 2F
2-2: Strikes out swinging
Batting: RHB Jeff Young 0-0: Called Strike
0-1: Ball
1-1: Ball
2-1: Foul Ball, location: 2F
2-2: Fly out, F8 (Line Drive, 8LD)
Batting: LHB Armando Villarreal 0-0: Foul Ball, location: 2F
0-1: Ball
1-1: Swinging Strike
1-2: Strikes out swinging
Top of the 2nd over - 0 run(s), 0 hit(s), 0 error(s), 0 left on base; Las Vegas 0 - Buckhead 0
BOTTOM OF THE 2ND
Buckhead Bowties batting - Pitching for Las Vegas Flamingos : RHP Melvin Haney
Batting: RHB Raúl Ruíz 0-0: Ball
1-0: Called Strike
1-1: SINGLE (Groundball, 6MD)
Batting: LHB Tony Martínez 0-0: Fly out, F8 (Line Drive, 89M)
Batting: LHB Gregg Young 0-0: Ball
1-0: Ball
2-0: Ball
3-0: Called Strike
3-1: Grounds into double play, 4-6-3 (Groundball, 4)
Bottom of the 2nd over - 0 run(s), 1 hit(s), 0 error(s), 0 left on base; Las Vegas 0 - Buckhead 0
TOP OF THE 3RD
Las Vegas Flamingos batting - Pitching for Buckhead Bowties : RHP Henry Yates
Batting: RHB Ángel López 0-0: Ball
1-0: Called Strike
1-1: Ball
2-1: Ball
3-1: Called Strike
3-2: Foul Ball, location: 2F
3-2: Strikes out looking
Batting: RHB Pepe Castroneves 0-0: Called Strike
0-1: Called Strike
0-2: Foul Ball, location: 2F
0-2: DOUBLE (Flyball, 8LXD)
Pitching: RHP Joshua Long
Batting: LHB Ruud van Ineveld 0-0: Called Strike
Pepe Castroneves is caught stealing 3rd base
0-1: Swinging Strike
0-2: Foul Ball, location: 2F
0-2: Ball
1-2: Foul Ball, location: 2F
1-2: Ball
2-2: Fly out, F6 (Line Drive, 6)
Top of the 3rd over - 0 run(s), 1 hit(s), 0 error(s), 0 left on base; Las Vegas 0 - Buckhead 0
BOTTOM OF THE 3RD
Buckhead Bowties batting - Pitching for Las Vegas Flamingos : RHP Melvin Haney
Batting: LHB Manuel Carmona 0-0: Ground out 4-3 (Groundball, 4)
Batting: LHB Mysterious Walker 0-0: Ball
1-0: SINGLE (Groundball, 34D)
Batting: RHB Ricardo Cardenas 0-0: Called Strike
0-1: Called Strike
0-2: Ball
1-2: Ball
2-2: Ball
3-2: Foul Ball, location: 2F
3-2: Foul Ball, location: 2F
3-2: Base on Balls
Mysterious Walker to second
Batting: RHB Won-min Yi 0-0: Ball
1-0: Foul Ball, location: 2F
1-1: Swinging Strike
1-2: Ball
2-2: Fly out, F9 (Flyball, 89S)
Batting: RHB Mike Burns 0-0: Called Strike
0-1: Foul Ball, location: 2F
0-2: Strikes out swinging
Bottom of the 3rd over - 0 run(s), 1 hit(s), 0 error(s), 2 left on base; Las Vegas 0 - Buckhead 0
TOP OF THE 4TH
Las Vegas Flamingos batting - Pitching for Buckhead Bowties : RHP Joshua Long
Batting: RHB Sake van Arem 0-0: Called Strike
0-1: Swinging Strike
0-2: Ball
1-2: Fly out, F5 (Line Drive, 56)
Batting: SHB Wilbert Carter 0-0: Swinging Strike
0-1: Swinging Strike
0-2: Foul Ball, location: 2F
0-2: Ball
1-2: Ball
2-2: Ball
3-2: Ground out 4-3 (Groundball, 34)
Batting: LHB Victor Adams 0-0: Ball
1-0: Called Strike
1-1: Ball
2-1: Swinging Strike
2-2: Ball
3-2: Foul Ball, location: 2F
3-2: Foul Ball, location: 2F
3-2: Foul Ball, location: 2F
3-2: Strikes out swinging
Top of the 4th over - 0 run(s), 0 hit(s), 0 error(s), 0 left on base; Las Vegas 0 - Buckhead 0
BOTTOM OF THE 4TH
Buckhead Bowties batting - Pitching for Las Vegas Flamingos : RHP Melvin Haney
Batting: LHB Qi-zhen Loong 0-0: Foul Ball, location: 2F
0-1: Ground out U3 (Groundball, 34)
Batting: RHB Raúl Ruíz 0-0: Ball
1-0: Ball
2-0: Foul Ball, location: 2F
2-1: Foul Ball, location: 2F
2-2: Ball
3-2: Foul Ball, location: 2F
3-2: Base on Balls
Batting: LHB Tony Martínez 0-0: Ball
1-0: SINGLE (Groundball, 34D)
Raúl Ruíz to second
Runner from 2nd tries for 3rd, SAFE, throw made to third
Batting: LHB Gregg Young 0-0: Grounds into double play, 4-6-3 (Groundball, 4)
Bottom of the 4th over - 0 run(s), 1 hit(s), 0 error(s), 1 left on base; Las Vegas 0 - Buckhead 0
TOP OF THE 5TH
Las Vegas Flamingos batting - Pitching for Buckhead Bowties : RHP Joshua Long
Batting: LHB Chris McKinney 0-0: Ground out 3-1 (Groundball, 34S)
Batting: RHB Jeff Young 0-0: Ball
1-0: Called Strike
1-1: Reached on error, E8 (Line Drive, 8RD)
Pitching: RHP Kyle Buckman
Batting: LHB Armando Villarreal 0-0: Ball
1-0: Foul Ball, location: 2F
1-1: Ball
2-1: Ball
3-1: Foul Ball, location: 2F
3-2: Base on Balls
Batting: RHB Ángel López 0-0: Called Strike
0-1: Swinging Strike
0-2: Ball
1-2: Ball
2-2: Ball
3-2: Base on Balls
Jeff Young to third
Armando Villarreal to second
Batting: RHB Pepe Castroneves 0-0: Ball
1-0: Grounds into double play, 5-4-3 (Groundball, 56)
Top of the 5th over - 0 run(s), 0 hit(s), 1 error(s), 2 left on base; Las Vegas 0 - Buckhead 0
BOTTOM OF THE 5TH
Buckhead Bowties batting - Pitching for Las Vegas Flamingos : RHP Melvin Haney
Batting: LHB Manuel Carmona 0-0: Foul Ball, location: 2F
0-1: Ball
1-1: Ball
2-1: Ball
3-1: Called Strike
3-2: Fly out, F8 (Line Drive, 8LXD)
Batting: LHB Mysterious Walker 0-0: Ball
1-0: Fly out, F4 (Line Drive, 34D)
Batting: RHB Ricardo Cardenas 0-0: Called Strike
0-1: Foul Ball, location: 2F
0-2: Ground out 1-3 (Groundball, P)
Bottom of the 5th over - 0 run(s), 0 hit(s), 0 error(s), 0 left on base; Las Vegas 0 - Buckhead 0
TOP OF THE 6TH
Las Vegas Flamingos batting - Pitching for Buckhead Bowties : RHP Kyle Buckman
Batting: LHB Ruud van Ineveld 0-0: Ball
1-0: Called Strike
1-1: Fly out, F7 (Flyball, 78M)
Batting: RHB Sake van Arem 0-0: Called Strike
0-1: Ball
1-1: Fly out, F5 (Line Drive, 5S)
Batting: SHB Wilbert Carter 0-0: Ball
1-0: SINGLE (Line Drive, 6D)
Batting: LHB Victor Adams 0-0: Ball
Wilbert Carter steals 2nd base
1-0: Swinging Strike
1-1: Foul Ball, location: 2F
1-2: Ball
Wild Pitch!
Wilbert Carter to third
2-2: Strikes out looking
Top of the 6th over - 0 run(s), 1 hit(s), 0 error(s), 1 left on base; Las Vegas 0 - Buckhead 0
BOTTOM OF THE 6TH
Buckhead Bowties batting - Pitching for Las Vegas Flamingos : RHP Melvin Haney
Batting: RHB Won-min Yi 0-0: Foul Ball, location: 2F
0-1: Called Strike
0-2: Foul Ball, location: 2F
0-2: Ball
1-2: Ball
2-2: Ball
3-2: Ground out 4-3 (Groundball, 4)
Batting: RHB Mike Burns 0-0: Called Strike
0-1: Ground out 1-3 (Groundball, 13S)
Batting: LHB Qi-zhen Loong 0-0: Ball
1-0: Ball
2-0: Called Strike
2-1: Foul Ball, location: 2F
2-2: Foul Ball, location: 2F
2-2: Foul Ball, location: 2F
2-2: Ball
3-2: Base on Balls
Batting: RHB Raúl Ruíz 0-0: Ball
1-0: Fly out, F7 (Flyball, 78M)
Bottom of the 6th over - 0 run(s), 0 hit(s), 0 error(s), 1 left on base; Las Vegas 0 - Buckhead 0
TOP OF THE 7TH
Las Vegas Flamingos batting - Pitching for Buckhead Bowties : RHP Kyle Buckman
Batting: LHB Chris McKinney 0-0: Called Strike
0-1: Hit by Pitch
Batting: RHB Jeff Young 0-0: Ball
1-0: Swinging Strike
1-1: Fly out, F9 (Line Drive, 89M)
Pitching: LHP António Castillo
Pinch Hitting: RHB John Aston 0-0: Ball
1-0: Called Strike
1-1: Ball
2-1: Ball
3-1: Fly out, F5 (Flyball, 5D)
Batting: RHB Ángel López 0-0: Ball
1-0: Ball
2-0: Called Strike
2-1: Ground out 5-3 (Groundball, 56S)
Top of the 7th over - 0 run(s), 0 hit(s), 0 error(s), 1 left on base; Las Vegas 0 - Buckhead 0
BOTTOM OF THE 7TH
Buckhead Bowties batting - Pitching for Las Vegas Flamingos : RHP Melvin Haney
Now at SS: Job Pels
Batting: LHB Tony Martínez 0-0: Called Strike
0-1: Called Strike
0-2: Strikes out swinging
Batting: LHB Gregg Young 0-0: Called Strike
0-1: Fly out, F7 (Line Drive, 7)
Batting: LHB Manuel Carmona 0-0: SINGLE (Line Drive, 7LS)
Batting: LHB Mysterious Walker 0-0: Called Strike
Manuel Carmona steals 2nd base
0-1: Foul Ball, location: 2F
0-2: Foul Ball, location: 2F
0-2: Ball
1-2: Ball
2-2: Fly out, F8 (Flyball, 89M)
Bottom of the 7th over - 0 run(s), 1 hit(s), 0 error(s), 1 left on base; Las Vegas 0 - Buckhead 0
TOP OF THE 8TH
Las Vegas Flamingos batting - Pitching for Buckhead Bowties : LHP António Castillo
Batting: RHB Pepe Castroneves 0-0: Swinging Strike
0-1: Ball
1-1: Foul Ball, location: 2F
1-2: Strikes out swinging
Batting: LHB Ruud van Ineveld 0-0: Ball
1-0: Called Strike
1-1: Swinging Strike
1-2: Ball
2-2: Strikes out swinging
Batting: RHB Sake van Arem 0-0: Foul Ball, location: 2F
0-1: Swinging Strike
0-2: Ball
1-2: Ball
2-2: Ball
3-2: Strikes out looking
Top of the 8th over - 0 run(s), 0 hit(s), 0 error(s), 0 left on base; Las Vegas 0 - Buckhead 0
BOTTOM OF THE 8TH
Buckhead Bowties batting - Pitching for Las Vegas Flamingos : RHP Melvin Haney
Batting: RHB Ricardo Cardenas 0-0: Ball
1-0: SINGLE (Flyball, 89S)
Pinch Hitting: LHB Armando Esparza 0-0: Ball
1-0: Bunted foul
1-1: Bunted foul
1-2: SINGLE (Groundball, 34D)
Ricardo Cardenas to second
Runner from 2nd tries for 3rd, SAFE, no throw
Batting: RHB Mike Burns 0-0: Called Strike
0-1: Ground out 5-3 (Groundball, 56)
Armando Esparza to second
Batting: LHB Qi-zhen Loong 0-0: Ball
1-0: Called Strike
1-1: Ball
2-1: Ball
3-1: Foul Ball, location: 2F
3-2: Foul Ball, location: 2F
3-2: Foul Ball, location: 2F
3-2: Base on Balls
Pitching: RHP Enrique García
Batting: RHB Raúl Ruíz 0-0: Called Strike
0-1: Ball
1-1: Ball
2-1: Foul Ball, location: 2F
2-2: Strikes out swinging
Batting: LHB Tony Martínez 0-0: Fielders Choice at 2nd, 4-6 (Groundball, 34)
Bottom of the 8th over - 0 run(s), 2 hit(s), 0 error(s), 2 left on base; Las Vegas 0 - Buckhead 0
TOP OF THE 9TH
Las Vegas Flamingos batting - Pitching for Buckhead Bowties : LHP António Castillo
Pitching: LHP José Flores
Now in LF: Armando Esparza
Pinch Hitting: RHB Rob Thomason 0-0: Foul Ball, location: 2F
0-1: Ball
1-1: Ball
2-1: Called Strike
2-2: Foul Ball, location: 2F
2-2: Ball
3-2: Strikes out swinging, 2-3 out at first.
Batting: LHB Victor Adams 0-0: Called Strike
0-1: Swinging Strike
0-2: Ball
1-2: SINGLE (Groundball, 6MD)
Batting: LHB Chris McKinney 0-0: Called Strike
0-1: Foul Ball, location: 2F
0-2: Ball
1-2: Ball
2-2: Ball
3-2: Foul Ball, location: 2F
3-2: Foul Ball, location: 2F
3-2: Foul Ball, location: 2F
3-2: Foul Ball, location: 2F
3-2: Foul Ball, location: 2F
3-2: Strikes out swinging
Batting: RHB Jeff Young 0-0: Ball
1-0: Foul Ball, location: 2F
1-1: SINGLE (Line Drive, 56D)
Victor Adams to second
Pinch Runner at 2nd Terry Sylvester:
Batting: LHB Job Pels 0-0: Ball
1-0: Ball
2-0: Foul Ball, location: 2F
2-1: Ball
3-1: Called Strike
3-2: Foul Ball, location: 2F
3-2: Strikes out swinging
Top of the 9th over - 0 run(s), 2 hit(s), 0 error(s), 2 left on base; Las Vegas 0 - Buckhead 0
BOTTOM OF THE 9TH
Buckhead Bowties batting - Pitching for Las Vegas Flamingos : RHP Enrique García
Now at 2B: Rob Thomason
Now in LF: Terry Sylvester
Batting: LHB Gregg Young 0-0: Ball
1-0: Ball
2-0: Ball
3-0: Called Strike
3-1: Called Strike
3-2: Base on Balls
Batting: LHB Manuel Carmona 0-0: Sac Bunt - play at first, batter OUT! 1-4
Gregg Young to second
Batting: LHB Mysterious Walker 0-0: Intentional Walk
Batting: RHB Ricardo Cardenas 0-0: Foul Ball, location: 2F
0-1: Ball
1-1: Fly out, F7 (Flyball, 7S)
Batting: LHB Armando Esparza 0-0: Ball
1-0: Ball
2-0: Called Strike
2-1: Swinging Strike
2-2: 3-RUN HOME RUN (Flyball, 9D), Distance : 356 ft
Saturday, May 26th, 2018 - OOTP Baseball 17.12 Build 75